AoeStats
← SmurfSSmur

Black Forest

504665505Analyzed
1v1 RM · 26d ago on Sep 6, 2026· 60m 40s· 2 players
Game mode
Random Map
Map size
Tiny (2 player)
Population
200
Speed
Normal
Resources
Standard
Victory
Conquest
Starting age
Dark Age
Ending age
Imperial Age
RankedLock teamsTeams togetherTeam positionsShared explorationLock speedFull tech treeHidden civsTurbo modeCheats
Victory
Defeat
🇧🇷 Tatars · Brazil
970
+13
🇨🇦 Vietnamese · Canada
903
-13
rafa.reijkavic
11:37 Feudal Age
15:04 Castle Age
13:27 Double-Bit Axe
13:55 Horse Collar
14:58 Wheelbarrow
29:36 Fletching
29:33 Elite Skirmisher
30:32 Loom
34:00 Hand Cart
33:50 Stone Mining
33:53 Town Watch
34:28 Bow Saw
34:47 Husbandry
35:18 Bodkin Arrow
35:34 Forging
35:24 Padded Archer Armor
35:39 Squires
37:31 Iron Casting
36:52 Gold Mining
38:01 Leather Archer Armor
37:46 Scale Mail Armor
37:52 Scale Barding Armor
38:37 Gold Shaft Mining
38:29 Heavy Plow
37:54 Pikeman
38:20 Arson
37:55 Man-at-Arms
38:42 Light Cavalry
39:32 Bloodlines
38:47 Crossbowman
43:38 Imperial Age
41:59 Chain Barding Armor
42:23 Long Swordsman
43:38 Treadmill Crane
43:53 Murder Holes
44:09 Masonry
44:20 Ballistics
44:16 Silk Armor
44:38 Onager
45:28 Siege Engineers
45:30 Bracer
45:01 Capped Ram
46:35 Halberdier
49:13 Blast Furnace
48:07 Sappers
48:57 Timurid Siegecraft
49:01 Siege Ram
51:50 Chemistry
51:02 Fortified Wall
50:16 Two-Handed Swordsman
52:22 Conscription
53:39 Ring Archer Armor
53:45 Plate Barding Armor
53:49 Hussar
55:33 Cavalier
59:15 Coinage
58:46 Caravan
58:42 Guard Tower
59:04 Clinker Construction
59:31 Crop Rotation
SmurfSSmur
4:52 Loom
13:31 Feudal Age
14:21 Double-Bit Axe
14:19 Horse Collar
15:22 Wheelbarrow
16:51 Wheelbarrow
18:42 Castle Age
20:21 Wheelbarrow
19:57 Crossbowman
21:32 Fletching
22:00 Thumb Ring
22:45 Bow Saw
23:54 Thumb Ring
23:55 Bodkin Arrow
25:32 Padded Archer Armor
27:04 Ballistics
29:12 Treadmill Crane
30:08 Hand Cart
32:53 Gold Mining
32:53 Stone Mining
33:38 Bloodlines
35:09 Leather Archer Armor
35:02 Scale Barding Armor
34:22 Light Cavalry
36:30 Husbandry
37:11 Chain Barding Armor
41:37 Imperial Age
42:41 Cavalier
44:40 Chemistry
44:46 Two-Man Saw
43:48 Bracer
43:56 Light Cavalry
45:33 Heavy Plow
46:40 Elite Skirmisher
48:32 Crop Rotation
47:38 Imperial Skirmisher
50:08 Plate Barding Armor
49:45 Forging
50:05 Ring Archer Armor
53:00 Paper Money
53:32 Iron Casting
Connection lost

Rejoining the realm…

Still unreachable

The connection could not be restored.

Session expired

The server has moved on; the page needs a fresh start.